 Dungeon Crawl Stone Soup version 0.28.0-53-g5a82cb258f (webtiles) character file.

Game seed: 16291767372773005160

24093 SanguineChosen the Severer (level 12, 0/110 HPs)
             Began as a Minotaur Berserker on Aug 7, 2022.
             Was a High Priest of Trog.
             Slain by a hellwing (9 damage)
             ... summoned by an orc high priest
             ... on level 2 of the Orcish Mines on Aug 9, 2022.
             The game lasted 01:32:57 (16477 turns).

SanguineChosen the Severer (Minotaur Berserker)    Turns: 16477, Time: 01:32:57

Health: 0/110      AC: 27    Str: 28      XL:     12   Next: 77%
Magic:  11/11      EV:  9    Int:  4 (7)  God:    Trog [*****.]
Gold:   573        SH:  6    Dex:  9      Spells: 11/11 levels left

rFire   + . .      SeeInvis +   o - +8 war axe (elec)
rCold   . . .      Faith    .   k - +2 buckler {rF+}
rNeg    . . .      Spirit   .   w - +0 plate armour
rPois   +          Reflect  .   (helmet restricted)
rElec   .          Harm     .   y - +2 cloak
rCorr   .          Rampage  .   c - +2 pair of gloves
Will    ++...                   d - +2 pair of boots
Stlth   ..........              (no amulet)
HPRegen 1.28/turn               p - ring "Juanneka" {Int+3 SInv}
MPRegen 0.12/turn               v - ring of poison resistance

@: lethally poisoned (0 -> -34), strong-willed, spiked, regenerating
A: horns 2, retaliatory headbutt, screaming 1
a: Renounce Religion, Berserk, Trog's Hand, Brothers in Arms


You were on level 2 of the Orcish Mines.
You worshipped Trog.
Trog was extremely pleased with you.
You visited 2 branches of the dungeon, and saw 15 of its levels.
You also visited: Ossuary and Bailey.

You collected 1173 gold pieces.
You spent 600 gold pieces at shops.

Inventory:

Hand Weapons
 o - a +8 war axe of electrocution (weapon)
 u - the +4 mace of the Priest {vorpal, rPois Str+7}
   (You found it on level 5 of the Dungeon)

   It inflicts extra damage upon your enemies.
   Str:       It affects your strength (+7).
   rPois:     It protects you from poison.
 F - a +1 war axe of flaming
Missiles
 a - 3 throwing nets
 l - 51 poisoned darts (quivered)
Armour
 c - a +2 pair of gloves (worn)
 d - a +2 pair of boots (worn)
 k - a +2 buckler of fire resistance (worn)
 w - a +0 plate armour (worn)
 y - a +2 cloak (worn)
 G - a +0 kite shield
Jewellery
 p - the ring "Juanneka" (left hand) {Int+3 SInv}
   (You took it off an orc warrior on level 4 of the Dungeon)

   [ring of see invisible]

   Int:       It affects your intelligence (+3).
   SInv:      It lets you see invisible.
 r - a ring of flight
 v - a ring of poison resistance (right hand)
Wands
 f - a wand of acid (9)
 i - a wand of iceblast (7)
 x - a wand of flame (30)
 D - a wand of digging (6)
Scrolls
 e - 3 scrolls of teleportation
 j - a scroll of silence
 s - 5 scrolls of fear
 A - 3 scrolls of summoning
 C - 3 scrolls of enchant weapon
 E - a scroll of brand weapon
 H - a scroll of identify
Potions
 b - a potion of curing
 g - a potion of lignification
 h - 3 potions of invisibility
 m - 2 potions of ambrosia
 q - a potion of resistance
 t - a potion of might {unknown}
 z - 2 potions of flight
 B - 3 potions of haste
 J - a potion of attraction {unknown}


   Skills:
 + Level 11.4 Fighting
 * Level 16.8 Axes
 - Level 1.1 Throwing
 + Level 14.5 Armour
 - Level 5.4 Dodging
 - Level 1.3 Stealth
 + Level 3.9 Shields
 + Level 2.8 Evocations


You had 11 spell levels left.
You didn't know any spells.
Your spell library was empty.

Dungeon Overview and Level Annotations

Branches:
Dungeon (13/15)            Temple (0/1) D:7            Lair (0/6) D:11
    Orc (2/2) D:9         Ossuary (visited)          Bailey (visited)
    Elf: Orc:2       Vaults: D:13-14

Altars:
Vehumet

Shops:
D:6 (   D:7 ?   D:8 [

Annotations:
D:4 2 runed translucent doors
D:8 exclusion: 2 oklob plants
D:13 cbfl8's ghost, journeyman MiBe


Innate Abilities, Weirdness & Mutations

You have a pair of horns on your head.
You reflexively headbutt those who attack you in melee.
You occasionally shout uncontrollably at your foes.


Message History

You block the ice devil's attack. The orc high priest barely misses you.
You slash the orc high priest!
The orc high priest is heavily wounded.
You barely miss the hellwing. You barely miss the ice devil.
You feel very sick. You block the orange demon's attack.
The red devil hits you from afar with a +0 demon trident of venom!
Barbed spikes become lodged in your body.
You are more poisoned.
The hellwing hits you but does no damage.
You block the hellwing's attack.
The ice devil hits you but does no damage.
The orc high priest hits you but does no damage.
You closely miss the orc high priest. You headbutt the orc high priest!
The orc high priest is almost dead.
You slash the ice devil!
Lightning courses through the ice devil!
You hit the hellwing but do no damage. Lightning courses through the hellwing!
You feel very sick. The orange demon stings you from afar.
You are lethally poisoned!
The orange demon poisons you!
The red devil hits you from afar with a +0 demon trident of venom.
Barbed spikes become lodged in your body.
You are more poisoned.
The hellwing hits you!
* * * LOW HITPOINT WARNING * * *
The hellwing hits you but does no damage.
The ice devil hits you.
* * * LOW HITPOINT WARNING * * *
The ice devil freezes you!!
* * * LOW HITPOINT WARNING * * *
You feel much better.
* * * LOW HITPOINT WARNING * * *
You feel extremely sick.
The orc high priest hits you but does no damage.
The orange demon barely misses you.
The red devil hits you but does no damage.
The hellwing hits you!
You die...

#...#.................#
#.........).$.......#..
#........#).......
##[...#.........#..
#).................
##[#).......#......
##)44#[....###.....
#4oo[[#.....# ..##.
##@4...#....# O....
###)#.......## ..#
##...)#..##.#.##
#...[..#.#.....#
#...<.#.......##
##.###...##.### ##
##.## # ###


You could see an orc high priest, an orange demon (summoned), a hellwing
(summoned), an ice devil (summoned), an orc sorcerer and a red devil (summoned).

Vanquished Creatures
  2 hydras
  2 boulder beetles
  Erolcha (D:9)
  5 two-headed ogres
  3 orc high priests
  The ghost of macfelon the Conjurer, a novice HuCj (D:6)
  An orc knight (Bailey)
  A deep elf pyromancer (D:8)
  A cyclops (D:10)
  2 manticores
  An unseen horror (D:10)
  3 gargoyles
  2 kobold demonologists (D:11)
  A komodo dragon (D:12)
  3 trolls
  7 slime creatures (D:12)
  Sigmund (D:5)
  A wraith (D:12)
  A shadow (D:11)
  A vampire (D:9)
  2 water elementals (D:12)
  11 yaks
  An acid dragon (D:11)
  Edmund (D:6)
  A water moccasin (D:6)
  Duvessa (D:5)
  An ice beast (D:8)
  16 orc warriors
  2 black bears (D:7)
  A hornet zombie (D:7)
  6 ogres
  A necrophage (D:6)
  2 centaurs
  A phantom (D:5)
  An elf zombie (Ossuary)
  5 kobold brigands
  2 gnoll sergeants
  A bullfrog (D:7)
  2 scorpions
  Dowan (D:5)
  11 killer bees
  4 howler monkeys
  4 wights (D:9)
  6 electric eels
  9 orc priests
  3 centaur zombies
  5 hounds
  2 jellies (D:7)
  A gnoll shaman (D:4)
  Crazy Yiuf (D:5)
  Natasha (thrice) (D:2)
  3 iguanas
  17 orc wizards
  A killer bee zombie (D:9)
  A hound skeleton (D:4)
  3 mummies
  Robin (D:3)
  14 gnolls
  6 adders
  2 adder skeletons (D:4)
  A worm (D:2)
  3 dart slugs
  70 orcs
  11 endoplasms
  2 giant cockroaches (D:4)
  3 gnoll zombies (Ossuary)
  17 goblins
  4 hobgoblins
  10 kobolds
  5 quokkas
  3 training dummies (D:6)
  7 ball pythons
  3 bats
  4 frilled lizards
  3 hobgoblin zombies (Ossuary)
  8 orc zombies
  2 rats (D:3)
352 creatures vanquished.

Vanquished Creatures (collateral kills)
  An orc high priest (Orc:2)
  An orc warrior (Orc:2)
  3 orc priests (Orc:2)
  An orc wizard (Orc:2)
  An orc (Orc:2)
7 creatures vanquished.

Vanquished Creatures (others)
  An unseen horror (D:11)
  26 plants
27 creatures vanquished.

Grand Total: 386 creatures vanquished

Notes
Turn   | Place    | Note
-------+----------+-------------------------------------------
     0 | D:1      | SanguineChosen the Minotaur Berserker began the quest for
                  | the Orb.
     0 | D:1      | Reached XP level 1. HP: 19/19 MP: 0/0
   480 | D:1      | Reached skill level 4 in Axes
   480 | D:1      | Reached XP level 2. HP: 27/27 MP: 1/1
   785 | D:1      | Found a faded altar of an unknown god.
  1248 | D:2      | Noticed Natasha
  1251 | D:2      | Noticed a crimson imp
  1255 | D:2      | Killed Natasha
  1256 | D:2      | Reached XP level 3. HP: 29/33 MP: 2/2
  1383 | D:2      | Noticed Natasha
  1387 | D:2      | Reached ** piety under Trog
  1390 | D:2      | Killed Natasha
  1391 | D:2      | Reached skill level 5 in Axes
  1391 | D:2      | Reached XP level 4. HP: 39/40 MP: 3/3
  1538 | D:2      | Noticed Natasha
  1544 | D:2      | Killed Natasha
  2012 | D:3      | Reached XP level 5. HP: 46/47 MP: 4/4
  2773 | D:3      | Reached skill level 6 in Axes
  2875 | D:3      | Noticed Robin
  2890 | D:3      | Killed Robin
  2895 | D:3      | Reached *** piety under Trog
  3175 | D:4      | Reached XP level 6. HP: 55/55 MP: 5/5
  3211 | D:4      | Reached skill level 5 in Fighting
  3438 | D:4      | Found a large runed translucent door.
  3438 | D:4      | Found a large runed translucent door.
  3442 | D:4      | Found a large runed translucent door.
  3442 | D:4      | Found a large runed translucent door.
  4111 | D:4      | Reached skill level 7 in Axes
  4310 | D:4      | Identified the ring "Juanneka" {Int+3 SInv}
  4310 | D:4      | Noticed an orc warrior
  4315 | D:4      | Killed an orc warrior
  4316 | D:4      | Reached XP level 7. HP: 60/61 MP: 6/6
  4363 | D:4      | Reached **** piety under Trog
  4416 | D:5      | Entered Level 5 of the Dungeon
  4444 | D:5      | Noticed Dowan
  4444 | D:5      | Noticed Duvessa
  4458 | D:5      | Killed Duvessa
  4459 | D:5      | Reached skill level 5 in Armour
  4469 | D:5      | Killed Dowan
  4493 | D:5      | Found a runed translucent door.
  4494 | D:5      | Noticed Crazy Yiuf
  4692 | D:5      | Reached skill level 8 in Axes
  5020 | D:5      | Noticed Sigmund
  5032 | D:5      | Killed Sigmund
  5033 | D:5      | Reached XP level 8. HP: 68/70 MP: 7/7
  5308 | D:5      | Killed Crazy Yiuf
  5490 | D:5      | Identified the +4 mace of the Priest {vorpal, rPois Str+7}
  5966 | D:6      | Found a transporter.
  5973 | D:6      | Found a transporter.
  5974 | D:6      | Found Suzoak's Firing Range.
  5986 | D:6      | Reached skill level 1 in Stealth
  6011 | D:6      | Noticed Edmund
  6041 | D:6      | Killed Edmund
  6042 | D:6      | Reached skill level 9 in Axes
  6042 | D:6      | Reached skill level 1 in Evocations
  6490 | D:6      | Noticed macfelon's ghost (novice HuCj)
  6849 | D:6      | Reached skill level 1 in Throwing
  6905 | D:6      | Reached XP level 9. HP: 50/78 MP: 8/8
  6949 | D:6      | Killed macfelon's ghost
  6950 | D:6      | Reached skill level 10 in Axes
  7128 | D:7      | Found a sand-covered staircase.
  7135 | Ossuary  | Entered an ossuary
  7656 | D:7      | Found a staircase to the Ecumenical Temple.
  7729 | D:7      | Found Touneuck's Magic Scroll Shop.
  7733 | D:7      | Reached skill level 11 in Axes
  7757 | D:7      | Bought a scroll of fear for 49 gold pieces
  7757 | D:7      | Bought a scroll of fear for 49 gold pieces
  7757 | D:7      | Bought a scroll of enchant armour for 105 gold pieces
  7757 | D:7      | Bought a scroll of enchant armour for 105 gold pieces
  7760 | D:7      | Bought a scroll of identify for 28 gold pieces
  7760 | D:7      | Bought a scroll of identify for 28 gold pieces
  8214 | D:8      | Found a flagged portal.
  8237 | Bailey   | Entered a bailey
  8366 | Bailey   | Reached ***** piety under Trog
  8464 | Bailey   | Reached skill level 12 in Axes
  8464 | Bailey   | Reached XP level 10. HP: 33/88 MP: 9/9
  8627 | Bailey   | Noticed an orc knight
  8672 | Bailey   | Killed an orc knight
  8907 | D:8      | Noticed a two-headed ogre
  8914 | D:8      | Killed a two-headed ogre
  8915 | D:8      | Reached skill level 5 in Dodging
  9057 | D:8      | Noticed an oklob plant
  9057 | D:8      | Noticed a deep elf pyromancer
  9076 | D:8      | Killed a deep elf pyromancer
  9077 | D:8      | Reached skill level 10 in Armour
  9300 | D:8      | Found Nemuiwka's Armour Shop.
  9356 | D:8      | Noticed an oklob plant
  9530 | D:8      | Bought a +2 buckler of fire resistance for 236 gold pieces
  9619 | D:9      | Found a radiant altar of Vehumet.
  9798 | D:9      | Noticed Erolcha
  9811 | D:9      | Reached skill level 13 in Axes
  9816 | D:9      | Killed Erolcha
  9895 | D:9      | Noticed a six-headed hydra
  9907 | D:9      | Killed a six-headed hydra
  9908 | D:9      | Reached XP level 11. HP: 88/97 MP: 10/10
  9967 | D:9      | Noticed a two-headed ogre
  9975 | D:9      | Killed a two-headed ogre
  9976 | D:9      | Reached skill level 1 in Shields
 10163 | D:9      | Found a staircase to the Orcish Mines.
 10477 | D:10     | Entered Level 10 of the Dungeon
 10703 | D:10     | Received a gift from Trog
 10836 | D:10     | Noticed a two-headed ogre
 10850 | D:10     | Killed a two-headed ogre
 10851 | D:10     | Reached skill level 14 in Axes
 11740 | D:11     | Noticed a two-headed ogre
 11748 | D:11     | Killed a two-headed ogre
 11749 | D:11     | Reached skill level 10 in Fighting
 11796 | D:11     | Found a staircase to the Lair.
 12023 | D:11     | Noticed a sun demon
 13052 | D:12     | Reached skill level 15 in Axes
 13423 | D:12     | Reached XP level 12. HP: 107/107 MP: 11/11
 13638 | D:12     | Noticed a boulder beetle
 13671 | D:12     | Killed a boulder beetle
 13819 | D:12     | Noticed a two-headed ogre
 13834 | D:12     | Killed a two-headed ogre
 14426 | D:12     | Noticed a six-headed hydra
 14439 | D:12     | Killed a six-headed hydra
 14440 | D:12     | Reached skill level 16 in Axes
 15081 | D:13     | Noticed a boulder beetle
 15095 | D:13     | Killed a boulder beetle
 15203 | D:13     | Noticed a minotaur
 15203 | D:13     | Noticed cbfl8's ghost (journeyman MiBe)
 15204 | D:13     | Noticed a fire dragon
 15299 | Orc:1    | Entered Level 1 of the Orcish Mines
 15599 | Orc:2    | Entered Level 2 of the Orcish Mines
 15693 | Orc:2    | Noticed an orc high priest
 15709 | Orc:1    | Killed an orc high priest
 15732 | Orc:2    | Noticed an orc high priest
 15745 | Orc:2    | Killed an orc high priest
 15919 | Orc:2    | Noticed an orc high priest
 15984 | Orc:2    | Lost intelligence.
 15991 | Orc:2    | Gained mutation: You occasionally shout uncontrollably at
                  | your foes. [a neqoxec]
 15993 | Orc:2    | Killed an orc high priest
 16003 | Orc:2    | Noticed an orc high priest
 16411 | Orc:2    | Killed an orc high priest
 16467 | Orc:2    | Noticed an orc high priest
 16476 | Orc:2    | HP: 4/110 [ice devil[an orc high priest] (19)]
 16477 | Orc:2    | Slain by a hellwing

Illustrated notes

Levels and vault maps discovered:
D:1:      psy_arrival_basics, layout_basic,
          shapermc_ecumenical_altar_mp_highgroup
D:2:      layout_basic, uniq_natasha
D:3:      layout_loops_corners, chequers_mini_garden, uniq_robin
D:4:      layout_basic, minmay_hollow_rounded_squares
D:5:      layout_loops_ring, uniq_crazy_yiuf_cottage, uniq_duvessa, uniq_sigmund
D:6:      layout_basic, gammafunk_ghost_hive, nicolae_shop_firing_range,
          uniq_edmund
D:7:      layout_rooms, minmay_temple_entry_statues_pillars,
          nicolae_ossuary_entry_giza, serial_shops, shop
D:8:      layout_gridville, enter_bailey_2, serial_shops, shop, disabler_island
D:9:      cheibrodos_iron_armory, layout_rooms, vehumet_crystals, uniq_erolcha
D:10:     layout_roguey
D:11:     layout_roguey, lair_entry_dummy, serial_bayou, serial_bayou_lagoon_a,
          serial_bayou_ford_a, serial_bayou_pond_a, serial_bayou_pond_e
D:12:     layout_roguey, serial_bayou, serial_bayou_lake_a, serial_bayou_pond_b,
          serial_bayou_shore_a, serial_bayou_crossing, kennysheep_donut,
          drop_trap, kennysheep_generic_room_3
D:13:     layout_rooms, hangedman_vaults_entry_quadrant_bands,
          maelrawn_ghost_gauntlet_escape, minivault_26, led_xom_imps,
          uniq_azrael
Orc:1:    layout_caves, uniq_sonja
Orc:2:    st_orc_mages, layout_caves, ebering_ghost_gozag

Skill      XL: |  1  2  3  4  5  6  7  8  9 10 11 12 |
---------------+-------------------------------------+-----
Axes           | 4 5 6 7 8 9 12 13 15 16 | 16.8
Fighting       | 4 5 6 8 9 10 11 | 11.4
Armour         | 3 4 6 7 9 11 13 14 | 14.5
Dodging        | 3 4 5 |  5.4
Stealth        | 1 |  1.3
Evocations     | 1 2 |  2.8
Throwing       | 1 |  1.1
Shields        | 2 3 |  3.9

Action                   |  1- 3 |  4- 6 |  7- 9 | 10-12 || total
-------------------------+-------+-------+-------+-------++-------
Melee: Hand axe          |    53 |   150 |   351 |    12 ||   566
       Headbutt          |    12 |    23 |    71 |    89 ||   195
       Punch             |       |     1 |     5 |       ||     6
       War axe           |       |       |       |   392 ||   392
       Mace              |       |       |       |    10 ||    10
Throw: Dart              |       |       |     7 |    33 ||    40
Invok: Trog's Hand       |       |       |     5 |     8 ||    13
       Brothers in Arms  |       |       |       |     1 ||     1
Evoke: Wand              |       |     2 |     8 |     3 ||    13
  Use: Scroll            |     3 |     3 |    15 |    13 ||    34
       Potion            |       |       |     2 |     9 ||    11
Armor: Animal skin       |     6 |       |       |       ||     6
       Ring mail         |     4 |    46 |       |       ||    50
       Chain mail        |       |       |   126 |       ||   126
       Plate armour      |       |       |    35 |   262 ||   297
Dodge: Dodged            |    32 |    48 |   138 |   134 ||   352
Block: Buckler           |       |       |       |    81 ||    81
